 Dungeon Crawl Stone Soup version 0.27-a0-54-g64bdb92e38 (webtiles) character file.

Game seed: 14505954512785592946

194 Borgoz the Ruffian (level 5, 0/45 HPs)
             Began as a Ghoul Gladiator on Jan 7, 2021.
             Killed by divine providence
             ... invoked by an orc priest
              (15 damage)
             ... on level 4 of the Dungeon.
             The game lasted 00:03:22 (3172 turns).

Borgoz the Ruffian (Ghoul Gladiator)                Turns: 3172, Time: 00:03:22

Health: 0/45       AC:  6    Str: 19    XL:     5   Next: 73%
Magic:  4/4        EV: 11    Int:  3    God:
Gold:   99         SH:  4    Dex: 10    Spells: 4/4 levels left

rFire    . . .     SeeInvis .     - Unarmed
rCold    + . .     Faith    .   d - +1 buckler
rNeg     + + +     Spirit   .   g - +0 ring mail
rPois    ∞         Reflect  .   b - +0 helmet
rElec    .         Harm     .   (no cloak)
rCorr    .         Rampage  .   (no gloves)
Will     .....                  (no boots)
Stlth    +.........             (no amulet)
HPRegen  0.00/turn              (no ring)
MPRegen  0.09/turn              (no ring)

@: no status effects
A: claws 1, cold resistance 1, negative energy resistance 3, inhibited
regeneration, torment resistance, unbreathing
a: no special abilities


You were on level 4 of the Dungeon.
You visited 1 branch of the dungeon, and saw 4 of its levels.

You collected 99 gold pieces.

Inventory:

Missiles
 c - 2 throwing nets (quivered)
Armour
 b - a +0 helmet (worn)
 d - a +1 buckler (worn)
 g - a +0 ring mail (worn)
Jewellery
 h - an uncursed amulet of regeneration
Wands
 f - a wand of flame (12)
Scrolls
 k - a scroll of teleportation
 m - a scroll of remove curse
 n - a scroll of amnesia {unknown}
Potions
 a - a potion of magic {unknown}
 e - 4 potions of brilliance
 i - a potion of resistance
 j - 2 potions of curing
 l - a potion of haste {unknown}


   Skills:
 + Level 3.1 Fighting
 - Level 1.7 Throwing
 + Level 1.7 Armour
 + Level 3.3 Dodging
 + Level 2.2 Stealth
 + Level 1.6 Shields
 + Level 4.1 Unarmed Combat


You had 4 spell levels left.
You didn't know any spells.
Your spell library was empty.

Dungeon Overview and Level Annotations

Branches:
Dungeon (4/15)
 Temple: D:4-7

Altars:
Elyvilon


Innate Abilities, Weirdness & Mutations

You thrive by killing the living.
You are immune to poison.
You have sharp fingernails.
Your flesh is cold resistant. (rC+)
You are immune to negative energy. (rN+++)
You do not regenerate when monsters are visible.
You are immune to unholy pain and torment.
You can survive without breathing.


Message History

You closely miss the orc priest.
The orc priest is heavily wounded.
The orc priest barely misses you.
Throw: 3 throwing nets
Press: ? - help, Q - select action, (/) - cycle Shift-Dir - straight line, f - orc priest
Aim: an orc priest, wielding a +0 dagger (heavily wounded)
You throw a throwing net.
The throwing net closely misses the orc priest.
A dart slug comes into view.
The orc priest calls down the wrath of Beogh upon you.
Beogh smites you!
* * * LOW HITPOINT WARNING * * *
You scratch the orc priest.
The orc priest is severely wounded.
The orc priest hits you with a +0 dagger.
* * * LOW HITPOINT WARNING * * *
You feel better.
The orc priest calls down the wrath of Beogh upon you.
Beogh smites you!
You die...

#+##### ...... .#
.... ..+ # #..#
..#
.###.##..######..#
.w....o)..........
#@..........
#......## #..##<.#
#..##..+ #..##..#
#..##### #..# #..#
#.##


You could see an orc priest and a dart slug.

Vanquished Creatures
  A hound (D:2)
  3 adders
  2 oozes (D:1)
  4 worms (D:2)
  4 dart slugs
  2 leopard geckos (D:1)
  9 orcs
  9 bats
  9 goblins
  15 hobgoblins
  5 jackals
  13 kobolds
  A quokka (D:3)
  4 ball pythons
  8 frilled lizards
  7 rats
96 creatures vanquished.

Notes
Turn   | Place    | Note
-------+----------+-------------------------------------------
     0 | D:1      | Borgoz the Ghoul Gladiator began the quest for the Orb.
     0 | D:1      | Reached XP level 1. HP: 17/17 MP: 0/0
    94 | D:1      | Reached XP level 2. HP: 10/25 MP: 1/1
   451 | D:1      | Reached skill level 1 in Stealth
   632 | D:1      | Reached XP level 3. HP: 28/30 MP: 2/2
   950 | D:1      | Reached skill level 1 in Armour
  1343 | D:2      | Reached XP level 4. HP: 37/37 MP: 3/3
  1580 | D:2      | Reached skill level 1 in Shields
  1798 | D:2      | Reached XP level 5. HP: 44/45 MP: 4/4
  1824 | D:2      | Reached skill level 4 in Unarmed Combat
  2781 | D:3      | Found a white marble altar of Elyvilon.
  3172 | D:4      | Killed from afar by an orc priest

Illustrated notes

Levels and vault maps discovered:
D:1:      onia_arrival_handbag, layout_basic, minmay_unequal
D:2:      layout_loops_ring, minmay_bisected
D:3:      layout_loops_ring, elyvilon_altar_1
D:4:      layout_gridville, minitemple, grunt_gozag_statues, uniq_eustachio

Skill      XL: |  1  2  3  4  5 |
---------------+----------------+-----
Stealth        | 1 2 |  2.2
Dodging        | 3 |  3.3
Armour         | 1 |  1.7
Shields        | 1 |  1.6
Fighting       | 3 |  3.1
Unarmed Combat | 4 |  4.1
Throwing       | |  1.7

Action                   |  1- 3 |  4- 6 || total
-------------------------+-------+-------++-------
Melee: Unarmed           |   115 |   225 ||   340
Throw: Throwing net      |       |     1 ||     1
  Use: Scroll            |       |    10 ||    10
       Potion            |       |     2 ||     2
 Stab: Distracted        |     1 |       ||     1
Armor: Leather armour    |    24 |       ||    24
       Ring mail         |     8 |    87 ||    95
Dodge: Dodged            |    66 |   106 ||   172
Block: Buckler           |    11 |    29 ||    40

Table legend: (Time is in decaauts)
 A = Elapsed time spent in this place.
 B = Non-inter-level travel time spent in this place.
 C = Inter-level travel time spent in this place.
 D = Time resting spent in this place.
 E = Time spent auto-exploring this place.
 F = Levels seen in this place.
 G = Mean time per level.
                   A        B        C        D        E       F      G
               +--------+--------+--------+--------+--------+-----+--------+
         Total |   3154 |   3070 |     84 |    358 |   2099 |   4 |  788.5 |
       Dungeon |   3154 |   3070 |     84 |    358 |   2099 |   4 |  788.5 |
               +--------+--------+--------+--------+--------+-----+--------+

Top non-repeatable levels by time:
     D:1: 1335 daAuts
     D:2: 1016 daAuts
     D:3: 768 daAuts
     D:4: 34 daAuts
